 Dungeon Crawl Stone Soup version 0.30.1-1-g62c8e00024 (webtiles) character file.

Game seed: 15937120780071277887

207 Gorgoleon the Slasher (level 5, -1/41 HPs)
             Began as a Merfolk Gladiator on July 16, 2023.
             Slain by Crazy Yiuf
             ... wielding a +4 quarterstaff of chaos
              (2 damage)
             ... on level 3 of the Dungeon.
             The game lasted 00:07:01 (2696 turns).

Gorgoleon the Slasher (Merfolk Gladiator)           Turns: 2696, Time: 00:07:01

Health: -1/41      AC:  4    Str: 14    XL:     5   Next: 85%
Magic:  5/5        EV: 13    Int:  7    God:
Gold:   145        SH:  0    Dex: 18    Spells: 4/4 levels left

rFire   . . .        a - +0 long sword
rCold   . . .        (no shield)
rNeg    . . .        b - +0 leather armour
rPois   .            c - +0 helmet
rElec   .            (no cloak)
rCorr   .            (no gloves)
SInv    .            (no boots)
Will    .....        (no amulet)
Stlth   +            (no ring)
HPRegen 0.26/turn    (no ring)
MPRegen 0.09/turn

%: no passive effects
@: no status effects
A: (nimble swimmer 2), mertail
a: no special abilities


You were on level 3 of the Dungeon.
You visited 1 branch of the dungeon, and saw 3 of its levels.

You collected 145 gold pieces.

Inventory:

Hand Weapons
 a - a +0 long sword (weapon)
 k - a +2 dagger of draining
Missiles
 d - 3 throwing nets
 e - a javelin
 g - 10 poisoned darts
 p - 15 stones (quivered)
Armour
 b - a +0 leather armour (worn)
 c - a +0 helmet (worn)
Jewellery
 m - a ring of fire
Scrolls
 f - a scroll of fog {unknown}
 h - a scroll of blinking {unknown}
 i - a scroll of vulnerability {unknown}
 j - 4 scrolls of identify {unknown}
 l - a scroll of silence {unknown}
 n - a scroll of summoning {unknown}
 r - a scroll of enchant armour {unknown}
 t - a scroll of teleportation {unknown}
 u - a scroll of fear {unknown}
 y - a scroll of poison {unknown}
Potions
 o - a potion of invisibility {unknown}
 q - a potion of resistance {unknown}
 s - a potion of heal wounds {unknown}
 v - a potion of ambrosia {unknown}
 w - a potion of attraction {unknown}
 x - a potion of curing {unknown}
 z - a potion of mutation {unknown}


   Skills:
 - Level 3.0 Fighting
 + Level 6.0 Long Blades
 - Level 2.0 Throwing
 * Level 2.2 Armour
 - Level 4.0 Dodging


You had 4 spell levels left.
You didn't know any spells.
Your spell library was empty.

Dungeon Overview and Level Annotations

Branches:
Dungeon (3/15)

Altars:
Dithmenos
Qazlal
Ru

Annotations:
D:3 Crazy Yiuf


Innate Abilities, Weirdness & Mutations

((You are very nimble when in or above water. (Stealth+, EV+, Speed+++)))
Your lower body shifts to a powerful aquatic tail in water.


Message History

You throw a stone. The stone barely misses Natasha.
You slash Natasha! Your punch misses Natasha.
Natasha is almost dead.
Natasha casts a spell.
You miss Natasha.
Natasha is almost dead.
Natasha closely misses you.
You hit Natasha but do no damage.
Natasha is almost dead.
Natasha claws you.
The cerulean imp hits you from afar with a +0 spear.
Natasha claws you.
You slash Natasha!
You kill Natasha!
You feel Natasha's spirit has finally been put to rest.
The cerulean imp disappears in a puff of smoke!
Your Long Blades skill increases to level 6!
z - a bubbling orange potion You see here the felid corpse of Natasha.
You open the door. You barely miss Crazy Yiuf.
Crazy Yiuf shouts!
Crazy Yiuf hits you with a +4 quarterstaff of chaos!
Crazy Yiuf burns you.
You hit Crazy Yiuf but do no damage.
Crazy Yiuf hits you with a +4 quarterstaff of chaos!
You resist with some effort.
You barely miss Crazy Yiuf.
Crazy Yiuf hits you with a +4 quarterstaff of chaos!
Crazy Yiuf freezes you.
* * * LOW HITPOINT WARNING * * *
You hit Crazy Yiuf.
Crazy Yiuf is lightly wounded.
Crazy Yiuf barely misses you.
You completely miss Crazy Yiuf.
Crazy Yiuf is lightly wounded.
Crazy Yiuf hits you with a +4 quarterstaff of chaos!
* * * LOW HITPOINT WARNING * * *
Space warps around you.
You die...

#.#.# ###
#....#######.#######
#.#.## #....#
##>..## #....#
#....# #.....## ##
###..# #...##
######.####. #..####
##.## #.......#.
#.....# #.##
###.##.####. ##.####
##.# #...#.## ## #.#
#.## ##...## ###.#
##@# #..## #...# #g#
#..######## #.###
... ##.......... #.#
#...# #...........
#.# #..)#
###.######## #.#
##### #.#### #.#
#....#
#.############
##.##.#####
#............#
###.......##.


You could see Crazy Yiuf.

Vanquished Creatures
  Jessica (D:2)
  Natasha (thrice) (D:3)
  A gnoll (D:1)
  An adder (D:3)
  3 worms
  5 dart slugs
  An orc (D:3)
  7 ball pythons
  7 endoplasms
  7 goblins
  4 hobgoblins (D:1)
  8 kobolds
  5 quokkas
  8 bats
  3 frilled lizards
  2 rats (D:2)
66 creatures vanquished.

Notes
Turn   | Place    | Note
-------+----------+-------------------------------------------
     0 | D:1      | Gorgoleon the Merfolk Gladiator began the quest for the
                  | Orb.
     0 | D:1      | Reached XP level 1. HP: 16/16 MP: 1/1
   160 | D:1      | Reached skill level 4 in Long Blades
   160 | D:1      | Reached XP level 2. HP: 7/23 MP: 2/2
   401 | D:1      | Reached XP level 3. HP: 26/28 MP: 3/3
   602 | D:1      | Reached skill level 1 in Armour
   940 | D:2      | Found a faded altar of an unknown god.
   940 | D:2      | Noticed Jessica
   942 | D:2      | Killed Jessica
   943 | D:2      | Reached XP level 4. HP: 35/35 MP: 4/4
  1171 | D:2      | Reached skill level 5 in Long Blades
  1787 | D:3      | Found a sacrificial altar of Ru.
  1788 | D:3      | Noticed Natasha
  1797 | D:3      | Killed Natasha
  1798 | D:3      | Reached XP level 5. HP: 31/41 MP: 5/5
  1892 | D:3      | Found a stormy altar of Qazlal.
  1968 | D:3      | Noticed Natasha
  1973 | D:3      | Killed Natasha
  2137 | D:3      | Found a runed translucent door.
  2138 | D:3      | Noticed Crazy Yiuf
  2416 | D:3      | Found a shadowy altar of Dithmenos.
  2608 | D:3      | Noticed Natasha
  2616 | D:3      | Killed Natasha
  2617 | D:3      | Reached skill level 6 in Long Blades
  2696 | D:3      | HP: 1/41 [Crazy Yiuf/+4 quarterstaff of chaos (11)]
  2696 | D:3      | Slain by Crazy Yiuf

Illustrated notes

Levels and vault maps discovered:
D:1:      heliophobic_arrival_glass_houses, layout_basic, chequers_jeans
D:2:      layout_basic, dreamdust_ecumenical_altar_angels_and_demons,
          minmay_randomly_rotated_circles, uniq_jessica
D:3:      layout_loops_ring, nicolae_ru_awakened_eye,
          mainiacjoe_overflow_big_doors, uniq_natasha, uniq_crazy_yiuf_cottage

Skill      XL: |  1  2  3  4  5 |
---------------+----------------+-----
Long Blades    | 4 5 6 |  6.0
Fighting       | 3 |  3.0
Armour         | 1 2 |  2.2
Throwing       | |  2.0
Dodging        | |  4.0

Action                     |  1- 3 |  4- 6 || total
---------------------------+-------+-------++-------
  Melee: Long sword        |   102 |   109 ||   211
         Punch             |       |     2 ||     2
  Throw: Stone             |       |     2 ||     2
   Stab: Sleeping          |     1 |     1 ||     2
 Armour: Leather armour    |    26 |    19 ||    45
  Dodge: Dodged            |    58 |    92 ||   150
